 Dungeon Crawl Stone Soup version 0.14-a0-1076-gee4852e (webtiles) character file.

291 PolkaDot the Ruinous (level 4, -2/30 HPs)
             Began as a Vampire Conjurer on Nov 25, 2013.
             Killed by nerve-wracking pain
             ... invoked by an orc priest
              (7 damage)
             ... on Level 3 of the Dungeon.
             The game lasted 00:10:46 (3063 turns).

PolkaDot the Ruinous (Vampire Conjurer)             Turns: 3063, Time: 00:10:46

HP  -2/30        AC  4     Str  7      XL: 4   Next: 89%
MP   0/8         EV 12     Int 18      God:
Gold 161         SH  0     Dex 14      Spells:  2 memorised,  2 levels left

rFire  . . .     SeeInvis +     o - +0 halberd
rCold  . . .     Clarity  .     a - +0 robe
rNeg   + . .     Conserve .     (no shield)
rPois  .         rCorr    .     (no helmet)
rElec  .         rRot     .     l - +0 cloak
SustAb . .       Spirit   .     d - +0 pair of gloves
rMut   .         Warding  .     (no boots)
Saprov . . .     Stasis   .     (no amulet)
                                (no ring)
                                r - ring of positive energy {unknown}

@: regenerating quickly, slightly resistant to hostile enchantments, stealthy
A: fangs 3, see invisible, unbreathing
a: no special abilities


You were on level 3 of the Dungeon.
You were very full.

You visited 1 branch of the dungeon, and saw 3 of its levels.

You collected 161 gold pieces.

Inventory:

Hand weapons
 o - a +0,+0 halberd (weapon)
Armour
 a - a +0 robe (worn)
 d - a +0 pair of gloves (worn)
 l - a +0 cloak (worn)
Scrolls
 e - 2 scrolls of fear {unknown}
 f - a scroll of identify {unknown}
 i - a scroll of remove curse {unknown}
 m - 2 scrolls of noise {unknown}
 n - a scroll of amnesia {unknown}
 q - 4 scrolls of teleportation {unknown}
Jewellery
 r - a ring of positive energy (left hand) {unknown}
Potions
 b - 2 potions of curing
 g - 2 potions of confusion {unknown}
 h - a potion of paralysis {unknown}
 j - a potion of poison {unknown}
 k - 2 potions of cure mutation {unknown}
Books
 c - a book of Conjurations

   Spells                             Type                      Level
   *Magic Dart                        Conjuration                  1
   *Searing Ray                       Conjuration                  2
   Dazzling Spray                     Conjuration/Hexes            3
   Iskenderun's Mystic Blast          Conjuration                  4
   Iskenderun's Battlesphere          Conjuration/Charms           4
   Fulminant Prism                    Conjuration/Hexes            5
 p - a book of Hinderance

   Spells                             Type                      Level
   Confusing Touch                    Hexes                        1
   Slow                               Hexes                        2
   Confuse                            Hexes                        3
   Petrify                            Transmutation/Earth          4
   Leda's Liquefaction                Hexes/Earth                  4
   Metabolic Englaciation             Hexes/Ice                    6


   Skills:
 - Level 2.1 Dodging
 - Level 3.0 Stealth
 - Level 1.0 Spellcasting
 * Level 4.7 Conjurations


You had 2 spell levels left.
You knew the following spells:

 Your Spells              Type           Power        Failure   Level  Hunger
a - Magic Dart            Conj           ###.         3%          1    ##.....
s - Searing Ray           Conj           ###...       6%          2    ###....


Dungeon Overview and Level Annotations

Branches:
Dungeon (3/16)

Altars:
Cheibriados
Fedhas
Nemelex Xobeh

Annotations:
D:3 nOtime's ghost, average MiFi


Innate Abilities, Weirdness & Mutations

Your natural rate of healing is unusually fast.
You have razor-sharp teeth.*
You have supernaturally acute eyesight.
You can survive without breathing.*


Message History

Press: ? - help, Shift-Dir - straight line, f - orc
Aim: an orc, wielding an orcish hand axe and wearing an orcish chain mail (moderately wounded)
The searing ray hits the orc.
The orc is moderately wounded.
The orc barely misses you.
The searing ray hits the orc.
The orc is heavily wounded.
The orc closely misses you.
The searing ray hits the orc.
You kill the orc!
* * * LOW MAGIC WARNING * * *
You closely miss the orc priest.
The orc priest is heavily wounded.
The orc priest invokes the aid of Beogh against you.
Something smites you!
Ouch! That really hurt!
* * * LOW HITPOINT WARNING * * *
The orc priest calls down the wrath of Beogh upon you.
Pain shoots through your body!
You die...

#..# .......#
#..######...
....#
##..)......###
#.............
#..##.########
#..##.........
#..##.########
#.....#
##@#### #o#
#o# #.# #.#
#.# #.. #.#
###


You could see an orc priest and an orc.

Vanquished Creatures
  4 gnolls
  An adder (D:2)
  2 worms
  An ooze (D:1)
  8 orcs (D:3)
  A ball python (D:3)
  8 bats
  A giant cockroach (D:1)
  7 hobgoblins
  2 jackals (D:2)
  3 giant geckos
  7 giant newts
  6 goblins
  4 kobolds
  2 quokkas
  8 rats
65 creatures vanquished.

Notes
Turn   | Place    | Note
--------------------------------------------------------------
     0 | D:1      | PolkaDot, the Vampire Conjurer, began the quest for the Orb.
     0 | D:1      | Reached XP level 1. HP: 13/13 MP: 4/4
   441 | D:1      | Reached XP level 2. HP: 11/19 MP: 2/5
   445 | D:1      | Learned a level 2 spell: Searing Ray
  1228 | D:2      | Found a sparkling altar of Nemelex Xobeh.
  1299 | D:2      | Reached XP level 3. HP: 24/24 MP: 3/6
  1411 | D:2      | Found a snail-covered altar of Cheibriados.
  1677 | D:2      | Reached skill level 4 in Conjurations
  2069 | D:2      | Found a blossoming altar of Fedhas.
  2290 | D:3      | Reached XP level 4. HP: 15/30 MP: 0/8
  2412 | D:3      | Noticed nOtime's ghost (average MiFi)
  3063 | D:3      | Killed from afar by an orc priest

Action                   |  1- 3 |  4- 6 || total
-------------------------+-------+-------++-------
Melee: Unarmed           |    32 |       ||    32
       Halberd           |     2 |    39 ||    41
 Cast: Magic Dart        |    68 |       ||    68
       Searing Ray       |     7 |     9 ||    16
  Use: Potion            |     1 |     1 ||     2
 Stab: Sleeping          |       |     1 ||     1
